AoeStats
← hrx.com

Black Forest

511013622Analyzed
2v2 RM · 4h ago on Oct 3, 2026· 31m 45s· 4 players
Game mode
Random Map
Map size
Medium (4 player)
Population
200
Speed
Normal
Resources
Standard
Victory
Conquest
Starting age
Dark Age
Ending age
Imperial Age
RankedLock teamsTeams togetherTeam positionsShared explorationLock speedFull tech treeHidden civsTurbo modeCheats
Victory
Defeat
🇨🇳 Italians · China
983
+15
🇨🇳 Dravidians · China
858
+20
🇳🇴 Turks · Norway
986
-19
🇹🇷 Spanish · Türkiye
923
-16
Yüce Ahmet
0:28 Loom
14:44 Feudal Age
16:40 Wheelbarrow
15:48 Horse Collar
15:56 Double-Bit Axe
20:01 Castle Age
18:58 Stone Mining
19:02 Gold Mining
20:59 Hand Cart
21:02 Bow Saw
21:59 Heavy Plow
29:02 Caravan
29:36 Squires
29:22 Arson
Grim
29:14 Feudal Age
30:12 Loom
33:41 Castle Age
hrxexe
5:41 Loom
12:44 Feudal Age
16:32 Castle Age
17:03 Double-Bit Axe
20:29 Stone Mining
20:30 Gold Mining
23:15 Scale Barding Armor
25:07 Bloodlines
27:05 Chain Barding Armor
29:07 Husbandry
29:20 Forging
30:52 Iron Casting
31:23 Wheelbarrow
hrx.com
12:48 Feudal Age
14:35 Double-Bit Axe
16:53 Castle Age
19:58 Bow Saw
26:04 Thumb Ring
26:02 Crossbowman
27:00 Fletching
Connection lost

Rejoining the realm…

Still unreachable

The connection could not be restored.

Session expired

The server has moved on; the page needs a fresh start.